 Dungeon Crawl Stone Soup version 0.24-a0-474-g47c397e050 (webtiles) character file.

Game seed: 15190223743579615810

77 Gynju the Chopper (level 3, -3/30 HPs)
             Began as a Demigod Fighter on July 5, 2019.
             Slain by Crazy Yiuf
             ... wielding a +2 quarterstaff of chaos
              (7 damage)
             ... on level 2 of the Dungeon.
             The game lasted 00:01:53 (1096 turns).

Gynju the Chopper (Demigod Fighter)                 Turns: 1096, Time: 00:01:53

Health: -3/30      AC:  6    Str: 26    XL:     3   Next: 91%
Magic:  5/5        EV:  7    Int: 12    God:
Gold:   43         SH: 10    Dex: 15    Spells: 2/2 levels left

rFire    . . .     SeeInvis .   a - +0 war axe
rCold    . . .     Gourm    .   c - +0 shield
rNeg     . . .     Faith    .   b - +0 scale mail
rPois    .         Spirit   .   (no helmet)
rElec    .         Reflect  .   (no cloak)
rCorr    .         Harm     .   (no gloves)
MR       +....                  (no boots)
Stlth    ..........             (no amulet)
HPRegen  0.10/turn              j - ring of protection from magic
MPRegen  0.09/turn              (no ring)

@: mighty
A: high mp 1
a: no special abilities


You were on level 2 of the Dungeon.
You were not hungry.

You visited 1 branch of the dungeon, and saw 2 of its levels.

You collected 43 gold pieces.

Inventory:

Hand Weapons
 a - a +0 war axe (weapon)
Armour
 b - a +0 scale mail (worn)
 c - a +0 shield (worn)
Jewellery
 j - a ring of protection from magic (left hand)
Scrolls
 e - 2 scrolls of identify {unknown}
 i - 2 scrolls of teleportation {unknown}
 l - 3 scrolls of enchant armour {unknown}
 m - 3 scrolls of remove curse {unknown}
 o - a scroll of immolation {unknown}
Potions
 h - 2 potions of flight {unknown}
 k - 2 potions of curing {unknown}
 n - a potion of degeneration {unknown}
Comestibles
 f - 3 rations


   Skills:
 - Level 2.6 Fighting
 + Level 4.0 Axes
 - Level 2.6 Armour
 - Level 2.6 Shields


You had 2 spell levels left.
You didn't know any spells.
Your spell library was empty.

Dungeon Overview and Level Annotations

Branches:
Dungeon (2/15)

Annotations:
D:2 Crazy Yiuf


Innate Abilities, Weirdness & Mutations

You have an increased reservoir of magic. (+10% MP)


Message History

Key pressed, stopping explore.
Key pressed, stopping explore.
You see here a mace.
Found seven maces.
Found a runed translucent door.
You see here a mace.
Found a mace.
You see here a mace.
You see here a mace.
Found three maces.
You see here a mace.
You feel very mighty all of a sudden. As you open the door, it creaks loudly!
You barely miss Crazy Yiuf.
Crazy Yiuf hits you with a +2 quarterstaff of chaos!
Crazy Yiuf freezes you.
You barely miss Crazy Yiuf.
Crazy Yiuf hits you with a +2 quarterstaff of chaos!
* * * LOW HITPOINT WARNING * * *
Crazy Yiuf burns you!
You die...

############ ##..........##
#............# #####
........###### #...# ........#
#...# ........##♣♣♣♣♣ #...#
.........#.)♣)♣♣♣ ### #...#
............)♣))♣#)))# ####...#
#.....(.....♣♣♣♣@g)).# #....>.#
##.......#.♣♣ ♣♣#)))# #......#
#####.###♣♣ ### #..#...# #.#
#..#...# ##.# #......#
###..#################...######
###...###........#...............
...........##..............#####.
........#####..÷..######..## #.


You could see Crazy Yiuf.

Vanquished Creatures
  2 adders (D:2)
  An adder skeleton (D:2)
  3 dart slugs
  3 leopard geckos (D:2)
  7 bats
  A giant cockroach (D:2)
  6 hobgoblins (D:1)
  7 kobolds
  5 ball pythons
  4 frilled lizards
  5 goblins
  4 rats
48 creatures vanquished.

Notes
Turn   | Place    | Note
-------+----------+-------------------------------------------
     0 | D:1      | Gynju the Demigod Fighter began the quest for the Orb.
     0 | D:1      | Reached XP level 1. HP: 18/18 MP: 3/3
    10 | D:1      | Reached skill level 2 in Axes
   227 | D:1      | Reached XP level 2. HP: 18/25 MP: 4/4
   291 | D:1      | Reached skill level 3 in Axes
   491 | D:1      | Reached XP level 3. HP: 30/30 MP: 5/5
   856 | D:2      | Reached skill level 4 in Axes
  1089 | D:2      | Found a runed translucent door.
  1090 | D:2      | Noticed Crazy Yiuf
  1096 | D:2      | Slain by Crazy Yiuf

Levels and vault maps discovered:
D:1:      dpeg_arrival_tiny_a, layout_rooms, serial_forest,
          infiniplex_forest_pool, infiniplex_forest_3_way,
          infiniplex_forest_clump_tiny, infiniplex_forest_end_2,
          infiniplex_forest_corner_1, infiniplex_forest_end_1,
          infiniplex_forest_lined_room_2, infiniplex_forest_lined_ring,
          infiniplex_forest_clump_tiny
D:2:      layout_rooms, nicolae_overflow_hidden_temple, moated_statue,
          makhleb_altar_promises_db, uniq_crazy_yiuf_cottage

Skill      XL: |  1  2  3 |
---------------+----------+-----
Axes           | 2 3 4 |  4.0
Fighting       | |  2.6
Armour         | |  2.6
Shields        | |  2.6

Action                   || total
-------------------------++-------
Melee: War axe           ||   119
  Use: Potion            ||     1
  Eat: Chunk             ||     1
Armor: Scale mail        ||    55
Dodge: Dodged            ||    52
Block: Shield            ||    63

Table legend:
 A = Non-vault XP
 B = Vault XP
 C = Vault XP percentage of total XP
 D = Non-vault monster count
 E = Vault monster count
 F = Vault count percentage of total count
                 A         B        C        D         E       F
            +---------+---------+-------+---------+---------+-------
      Total |     110 |       0 |   0.0 |      48 |       0 |   0.0
            +---------+---------+-------+---------+---------+-------
        D:1 |      50 |       0 |   0.0 |      29 |       0 |   0.0
        D:2 |      60 |       0 |   0.0 |      19 |       0 |   0.0
            +---------+---------+-------+---------+---------+-------
